[Event "Vastgota Open 2023"]
[Site "Skara stadshotell, Jarnvagsgatan 5, Skara, Sweden"]
[Date "2023.02.18"]
[Round "4.9"]
[White "Moborn, Anders"]
[Black "Sivuk, Vitaly"]
[Result "0-1"]
[TimeControl "15 minutes + 5 seconds per move from move one (Round 1 - 2) / 30 minutes + 10 seconds per move from move one (Round 3 - 9)"]
[BlackTitle "GM"]
[WhiteFideId "1706349"]
[BlackFideId "14116502"]
[WhiteElo "2003"]
[BlackElo "2502"]

1. d4 Nf6 2. c4 e6 3. Nc3 Bb4 4.
Qc2 b6 5. Bg5 Bb7 6. f3 h6 7. Bh4 c5 8. a3 Bxc3+ 9. Qxc3 cxd4 10. Qxd4 Nc6 11. Qd6 Na5 12. e4 Nxe4 13. Bxd8 Nxd6 0-1

[Event "Vastgota Open 2023"]
[Site "Skara stadshotell, Jarnvagsgatan 5, Skara, Sweden"]
[Date "2023.02.18"]
[Round "4.10"]
[White "Cederqvist, Niclas"]
[Black "Cramling, Pia"]
[Result "1-0"]
[TimeControl "15 minutes + 5 seconds per move from move one (Round 1 - 2) / 30 minutes + 10 seconds per move from move one (Round 3 - 9)"]
[BlackTitle "GM"]
[WhiteFideId "1702076"]
[BlackFideId "1700030"]
[WhiteElo "1938"]
[BlackElo "2429"]

1. d4 Nf6 2. Nf3 c5 3. e3 g6 4. Be2 Bg7 5. O-O O-O 6. b3 d5 7. Bb2 cxd4 8. exd4 Nc6 9. Ne5 Qb6 10.
Nxc6 bxc6 11. Nc3 Nd7 12. Na4 Qb8 13. Ba3 Re8 14. Nc5 e5 15. Nxd7 Bxd7 16. c3 a5 17. Bc5 e4 18. b4 f5 19.
bxa5 Rxa5 20. a4 f4 21. Bb4 Ra7 22. Bc5 Ra5 23. Bb4 Ra8 24. Bg4 Qc8 25. Bxd7 Qxd7 26. a5 Qf5 27. f3 e3 28. Qe2 Bf8 29. Rfb1 Reb8 30.
g3 g5 31. gxf4 gxf4 32. Rb2 Bxb4 33. Rxb4 Kf7 34. Kh1 Ke6 35. a6 Qf8 36. Rab1 Rxb4 37. Rxb4 Qf5 38. Rb7 Kd6 39. Qb2 Ke6 40.
Qb4 Qf8 41. Qxf8 Rxf8 42. Kg2 Rg8+ 43. Kf1 h5 44. a7 e2+ 45. Kxe2 Rg2+ 46. Kd3 Ra2 47. h4 Kd6 48. Rf7 Ke6 49. Rc7 Kd6 50. Rh7 Ke6 51. Rh6+ Kf5 52. Rxh5+ Kg6 53.
Rg5+ Kh6 54. Rg4 Rxa7 55. Rxf4 Kg6 56.
Rf8 Rc7 57. Ke3 Kg7 58. Rd8 Kg6 59. Kf4 Rf7+ 60. Kg4 Rf6 61. h5+ Kf7 62. f4 1-0

[Event "Vastgota Open 2023"]
[Site "Skara stadshotell, Jarnvagsgatan 5, Skara, Sweden"]
[Date "2023.02.18"]
[Round "4.11"]
[White "Silseth, Simon"]
[Black "Johansson, Stefan"]
[Result "1-0"]
[TimeControl "15 minutes + 5 seconds per move from move one (Round 1 - 2) / 30 minutes + 10 seconds per move from move one (Round 3 - 9)"]
[WhiteTitle "FM"]
[WhiteFideId "1702440"]
[BlackFideId "1733745"]
[WhiteElo "2258"]
[BlackElo "1930"]

1. d4 e6 2. c4 f5 3. g3 Nf6 4. Bg2 d5 5. Nc3 c6 6. cxd5 exd5 7. Nh3 Bb4 8. O-O O-O 9. Qb3 Qe7 10. Nf4 a5 11. h4 Ne4 12. Nd3 Bxc3 13. bxc3 a4 14.
Qc2 Nd7 15. c4 Nb6 16. cxd5 cxd5 17. Ne5 Be6 18. Rb1 Rfc8 19. Qd3 Nc4 20. Bg5 Nxg5 21. hxg5 Nd6 22. Qa3 Qd8 23. Rfc1 Ne4 24.
g6 hxg6 25. Nxg6 Rxc1+ 26. Rxc1 Qd6 27.
Qxd6 Nxd6 28. Bxd5 Bxd5 29. Ne7+ Kf7 30. Nxd5 b5 31. Rc7+ Kg6 32. Rc6 Rd8 33. Nc3 Kg5 34. e3 Kg4 35. Kg2 g5 36. Rc5 f4 37.
f3+ Kh5 38. gxf4 b4 39. Nxa4 Ra8 40. Rxg5+ Kh4 41. Rg7 Kh5 42. Rd7 Nc4 43. Rc7 Nxe3+ 44. Kf2 Nd1+ 45. Ke1 Nc3 46. Nxc3 bxc3 47.
Rxc3 Rxa2 48. Re3 Kg6 49. Re5 Kf6 50.
d5 Ra4 51. Re4 Ra5 52. Rd4 Ke7 53.
f5 Kd6 54. Ke2 Rxd5 55. Ke3 Rxd4 56. Kxd4 Ke7 57. Ke5 Kf7 58. f6 Kf8 59. Ke6 Ke8 60. f7+ 1-0

[Event "Vastgota Open 2023"]
[Site "Skara stadshotell, Jarnvagsgatan 5, Skara, Sweden"]
[Date "2023.02.18"]
[Round "4.12"]
[White "Svensson, Leif"]
[Black "Ronneland, Daniel"]
[Result "0-1"]
[TimeControl "15 minutes + 5 seconds per move from move one (Round 1 - 2) / 30 minutes + 10 seconds per move from move one (Round 3 - 9)"]
[WhiteFideId "1702459"]
[BlackFideId "1702130"]
[WhiteElo "1935"]
[BlackElo "2188"]

1. d4 Nf6 2. Nc3 d5 3. Bf4 e6 4. e3 Be7 5. Nf3 O-O 6. Ne5 c5 7. dxc5 Qa5 8. Bd3 Nbd7 9. Nxd7 Bxd7 10.
O-O Rac8 11. a3 Qxc5 12. Qf3 Bc6 13. Qh3 g6 14. Be5 Nd7 15. Bd4 Qd6 16. f4 f5 17. g4 Bf6 18. Rae1 Bxd4 19.
exd4 Nf6 20. gxf5 exf5 21. Re5 Rce8 22. Qg2 Ng4 23. Rxe8 Rxe8 24. Nd1 Qe6 25. Qf3 Nf6 26. c3 Ne4 27.
Qg2 a6 28. Re1 Qf6 29. Re3 Qh4 30. Qf3 b5 31. Qh3 Qxf4 32. Qg2 Qh4 33. Be2 Qe1+ 34. Qf1 Qxf1+ 35. Bxf1 f4 36. Rf3 g5 37.
h4 h6 38. hxg5 hxg5 39. Bh3 Nd2 40.
Rd3 Ne4 41. Kg2 Kg7 42. Kf3 Kf6 43. b3 Rh8 44. Bg4 Rh2 45. a4 Nd2+ 0-1

[Event "Vastgota Open 2023"]
[Site "Skara stadshotell, Jarnvagsgatan 5, Skara, Sweden"]
[Date "2023.02.18"]
[Round "5.1"]
[White "Golubka, Petro"]
[Black "Seo, Jung Min"]
[Result "1/2-1/2"]
[TimeControl "15 minutes + 5 seconds per move from move one (Round 1 - 2) / 30 minutes + 10 seconds per move from move one (Round 3 - 9)"]
[WhiteTitle "GM"]
[BlackTitle "IM"]
[WhiteFideId "14114224"]
[BlackFideId "1734687"]
[WhiteElo "2407"]
[BlackElo "2448"]

1. e4 c6 2. d4 d5 3. f3 e6 4. Nc3 Nf6 5. Nge2 dxe4 6.
fxe4 e5 7. Bg5 Nbd7 8. dxe5 Nxe5 9. Qxd8+ Kxd8 10. O-O-O+ Ke8 11. h3 Be7 12. Bf4 Ng6 13. Bh2 Be6 14. Nd4 Rd8 15. e5 Nd5 16.
Nxe6 fxe6 17. Nxd5 exd5 18. Bd3 Bg5+ 19. Kb1 Ke7 20. Rhf1 1/2-1/2

[Event "Vastgota Open 2023"]
[Site "Skara stadshotell, Jarnvagsgatan 5, Skara, Sweden"]
[Date "2023.02.18"]
[Round "5.2"]
[White "Palchuk, Andrii"]
[Black "Galperin, Platon"]
[Result "0-1"]
[TimeControl "15 minutes + 5 seconds per move from move one (Round 1 - 2) / 30 minutes + 10 seconds per move from move one (Round 3 - 9)"]
[WhiteTitle "FM"]
[BlackTitle "GM"]
[WhiteFideId "14176688"]
[BlackFideId "14165414"]
[WhiteElo "2238"]
[BlackElo "2429"]

1. d4 Nf6 2. c4 g6 3. Nf3 Bg7 4.
g3 O-O 5. Bg2 d6 6. O-O Re8 7.
Nc3 Bd7 8. e4 e5 9. d5 a5 10. h3 Na6 11. Be3 b6 12. b3 Nc5 13. Qc2 Nh5 14. a3 f5 15. b4 fxe4 16. Nd2 axb4 17.
axb4 Nd3 18. Rxa8 Qxa8 19. Rb1 Ndf4 20. Ndxe4 Nxh3+ 21. Kh2 N3f4 22. gxf4 exf4 23. Bd2 Qd8 24. Rh1 Bf5 25. Qd1 Bd4 26.
Bc1 Bxe4 27. Qxd4 Bxg2 28. Kxg2 Qg5+ 29. Kf1 Qf5 30. Qd1 Ng3+ 31. fxg3 fxg3+ 32. Kg2 Qf2+ 33. Kh3 Re5 34. Kg4 g2 35. Rg1 Rh5 36. Ne4 Rh4+ 37. Kg5 h6+ 0-1

[Event "Vastgota Open 2023"]
[Site "Skara stadshotell, Jarnvagsgatan 5, Skara, Sweden"]
[Date "2023.02.18"]
[Round "5.3"]
[White "Chatalbashev, Boris"]
[Black "Bellon Lopez, Juan Manuel"]
[Result "1-0"]
[TimeControl "15 minutes + 5 seconds per move from move one (Round 1 - 2) / 30 minutes + 10 seconds per move from move one (Round 3 - 9)"]
[WhiteTitle "GM"]
[BlackTitle "GM"]
[WhiteFideId "2900440"]
[BlackFideId "2200031"]
[WhiteElo "2522"]
[BlackElo "2318"]

1. d4 Nf6 2. c4 a6 3. Nc3 c5 4. e3 e6 5. Nf3 d5 6. cxd5 exd5 7. Be2 Nc6 8. O-O Bd6 9. dxc5 Bxc5 10. b3 O-O 11. Bb2 Ba7 12.
Rc1 d4 13. exd4 Nxd4 14. Nxd4 Bxd4 15. Bf3 Rb8 16. Ba3 Re8 17. Nd5 Be5 18. Ne7+ Kh8 19. Qxd8 Rxd8 20. Rfe1 Bf4 21. Rxc8 Rbxc8 22. Nxc8 Rxc8 23. g3 Rc2 24. gxf4 1-0

[Event "Vastgota Open 2023"]
[Site "Skara stadshotell, Jarnvagsgatan 5, Skara, Sweden"]
[Date "2023.02.18"]
[Round "5.4"]
[White "Rasti, Arvin"]
[Black "Miezis, Normunds"]
[Result "1/2-1/2"]
[TimeControl "15 minutes + 5 seconds per move from move one (Round 1 - 2) / 30 minutes + 10 seconds per move from move one (Round 3 - 9)"]
[BlackTitle "GM"]
[WhiteFideId "1741160"]
[BlackFideId "11600136"]
[WhiteElo "2179"]
[BlackElo "2502"]

1. d4 Nf6 2. c4 e6 3. Nf3 Bb4+ 4. Nbd2 O-O 5. a3 Be7 6. e4 d6 7. Be2 e5 8. b3 exd4 9. Nxd4 Re8 10.
O-O Bf8 11. f3 c6 12. Bb2 Nbd7 13. Re1 Ne5 14. Rc1 Bd7 15. Bf1 Ng6 16. b4 a5 17. Qb3 axb4 18. axb4 h5 19. c5 d5 20.
exd5 Nxd5 21. Bc4 Ngf4 22. g3 Qg5 23. Ne4 Qg6 24. Kh1 Nh3 25. Re2 Kh8 26. Rce1 f5 27. Nd2 Rxe2 28. Rxe2 Ndf4 29.
Bf7 Qg5 30. Re3 h4 31. Ne2 hxg3 32. hxg3 Nxe2 33. Rxe2 Qxg3 34. Qe3 f4 35. Qd4 Rd8 36. Rg2 Qe1+ 37. Kh2 Qh4 38. Rxg7 Ng5+ 39. Kg1 Qg3+ 40. Kh1 Qe1+ 41.
Kh2 Qe2+ 42. Kg1 Qd1+ 43. Kh2 Qe2+ 44. Kg1 Qe1+ 45. Kh2 Qg3+ 46. Kh1 Qh4+ 47. Kg1 Qg3+ 48. Kh1 Qe1+ 49. Kh2 Qh4+ 50. Kg1 Qg3+ 51. Kh1 Qe1+ 52. Kh2 Qh4+ 53.
Kg1 1/2-1/2

[Event "Vastgota Open 2023"]
[Site "Skara stadshotell, Jarnvagsgatan 5, Skara, Sweden"]
[Date "2023.02.18"]
[Round "5.5"]
[White "Sivuk, Vitaly"]
[Black "Olsson, Simon"]
[Result "1-0"]
[TimeControl "15 minutes + 5 seconds per move from move one (Round 1 - 2) / 30 minutes + 10 seconds per move from move one (Round 3 - 9)"]
[WhiteTitle "GM"]
[WhiteFideId "14116502"]
[BlackFideId "1707345"]
[WhiteElo "2502"]
[BlackElo "2125"]

1. d4 Nf6 2. c4 Nc6 3. f3 e5 4. d5 Ne7 5. e4 Ng6 6. Be3 Bb4+ 7. Nd2 O-O 8. a3 Bxd2+ 9. Qxd2 Nh5 10.
Bd3 d6 11. Ne2 Qh4+ 12. g3 Qh3 13. O-O-O a6 14. Nc3 Rb8 15. Kb1 Qd7 16. c5 Re8 17. Rc1 dxc5 18. Bxc5 b6 19. Be3 b5 20.
Na2 Bb7 21. Rhd1 c6 22. dxc6 Bxc6 23. Qa5 Bb7 24. Nb4 Qd8 25. Qc7 Re7 26. Qxd8+ Rxd8 27. Bxb5 1-0

[Event "Vastgota Open 2023"]
[Site "Skara stadshotell, Jarnvagsgatan 5, Skara, Sweden"]
[Date "2023.02.18"]
[Round "5.6"]
[White "Lind, Jan-Olov"]
[Black "Kucuksari, Kaan"]
[Result "1/2-1/2"]
[TimeControl "15 minutes + 5 seconds per move from move one (Round 1 - 2) / 30 minutes + 10 seconds per move from move one (Round 3 - 9)"]
[BlackTitle "IM"]
[WhiteFideId "1701193"]
[BlackFideId "6380166"]
[WhiteElo "2096"]
[BlackElo "2380"]

1. e4 c5 2. Nf3 d6 3. d4 cxd4 4. Nxd4 Nf6 5. Nc3 Nc6 6. Bc4 e6 7. Be3 Bd7 8. Bb3 Nxd4 9. Bxd4 b5 10. a3 Be7 11. Qe2 O-O 12.
O-O-O a5 13. e5 dxe5 14. Qxe5 Bc6 15. Nxb5 Qb8 16. Nc7 Ra7 17. Bxa7 Qxa7 18. Nxe6 Rc8 19. Rhe1 a4 20. Ba2 Qxf2 21.
Re2 Qh4 22. Nxg7 Ne4 23. Nh5 Bg5+ 24. Kb1 Qxh5 25. Rf1 Qxe2 26. Bxf7+ Kf8 27. Bc4+ Qxf1+ 28. Bxf1 Bf6 29. Qf5 Re8 30.
Bd3 Kg7 31. Ka2 Re5 32. Qc8 Be8 33. Qg4+ Bg6 34. h4 h5 35. Qd7+ Re7 36. Qxa4 Nc5 37. Qb5 Rb7 38. Qxb7+ Nxb7 39. Bxg6 Kxg6 40. b4 Kf5 41. a4 Bxh4 42. a5 Bf2 43.
Kb3 Kg4 44. c4 Kg3 45. a6 Nc5+ 46.
bxc5 Bxc5 47. Ka4 Kxg2 48. Kb5 Ba7 49. c5 h4 50. c6 h3 51. c7 h2 52. c8=Q h1=Q 53. Qb7+ Kh2 54. Qxa7 Qf1+ 55.
Kc6 Qf6+ 56. Kb7 Qf3+ 57. Kb8 Qf8+ 58. Kb7 Qf3+ 59. Kb8 Qf8+ 60. Kb7 1/2-1/2

[Event "Vastgota Open 2023"]
[Site "Skara stadshotell, Jarnvagsgatan 5, Skara, Sweden"]
[Date "2023.02.18"]
[Round "5.7"]
[White "Kockum, Anton Frisk"]
[Black "Bjorklund, Thomas"]
[Result "1-0"]
[TimeControl "15 minutes + 5 seconds per move from move one (Round 1 - 2) / 30 minutes + 10 seconds per move from move one (Round 3 - 9)"]
[WhiteTitle "FM"]
[WhiteFideId "1709143"]
[BlackFideId "1724576"]
[WhiteElo "2367"]
[BlackElo "2108"]

1. d4 d5 2. Nf3 Nf6 3. c4 e6 4. Nc3 Be7 5. Bg5 O-O 6. e3 b6 7. Rc1 Bb7 8. cxd5 Nxd5 9. Nxd5 Bxd5 10.
Bxe7 Qxe7 11. Qa4 a5 12. a3 Rc8 13. Be2 Nd7 14. O-O c5 15. Rfd1 Rab8 16. Bb5 Bxf3 17. gxf3 Nf6 18. Bf1 h6 19.
f4 Ng4 20. h3 Nf6 21. Bg2 cxd4 22. Rxc8+ Rxc8 23. Qxd4 b5 24. Qb6 Qc7 25. Qxb5 Rb8 26. Qe2 Rb3 27. Bf3 Nd7 28. Kg2 g6 29.
Qd2 Nc5 30. Rc1 Qb6 31. Qd4 Na6 32. Rc8+ 1-0

[Event "Vastgota Open 2023"]
[Site "Skara stadshotell, Jarnvagsgatan 5, Skara, Sweden"]
[Date "2023.02.18"]
[Round "5.8"]
[White "Lindgren, Philip"]
[Black "Wengholm, Anders"]
[Result "1/2-1/2"]
[TimeControl "15 minutes + 5 seconds per move from move one (Round 1 - 2) / 30 minutes + 10 seconds per move from move one (Round 3 - 9)"]
[WhiteTitle "IM"]
[WhiteFideId "1713230"]
[BlackFideId "1704818"]
[WhiteElo "2282"]
[BlackElo "2104"]

1. d4 e6 2. c4 f5 3. g3 Nf6 4. Bg2 d5 5. Nd2 c6 6. Qc2 Bd6 7. Nh3 O-O 8. O-O Qe7 9. Nf3 Ne4 10.
Nf4 b6 11. Nd3 Bb7 12. Rb1 a5 13. Bf4 Bxf4 14. Nxf4 Nd7 15. b3 Rac8 16. Qb2 Ba6 17. Rbc1 b5 18. c5 e5 19. Nxe5 Nxe5 20.
dxe5 Rfe8 21. Nd3 b4 22. Qc2 Nc3 23. a3 Bxd3 24. Qxd3 Qxe5 25. e3 Ra8 26. a4 Ra7 27. Rc2 g6 28. Rfc1 Rd8 29. Bf3 Qf6 30.
Rd2 Kf7 31. h4 1/2-1/2

[Event "Vastgota Open 2023"]
[Site "Skara stadshotell, Jarnvagsgatan 5, Skara, Sweden"]
[Date "2023.02.18"]
[Round "5.9"]
[White "Madebrink, Lars"]
[Black "Silseth, Simon"]
[Result "0-1"]
[TimeControl "15 minutes + 5 seconds per move from move one (Round 1 - 2) / 30 minutes + 10 seconds per move from move one (Round 3 - 9)"]
[BlackTitle "FM"]
[WhiteFideId "1701347"]
[BlackFideId "1702440"]
[WhiteElo "2112"]
[BlackElo "2258"]

1. e4 c6 2. d4 d5 3. Nc3 dxe4 4. Nxe4 Bf5 5. Ng3 Bg6 6. h4 h6 7. Bc4 e6 8. N1e2 Bd6 9. Nf4 Bxf4 10. Bxf4 Nf6 11. Qd2 Nbd7 12.
O-O-O Nd5 13. h5 Bh7 14. Ne2 Nxf4 15. Nxf4 Qf6 16. Rhe1 O-O-O 17. g3 Rhe8 18. Qa5 Nb6 19. Bf1 Rxd4 20.
Qxa7 Kc7 21. Qa3 Red8 22. Bd3 Bxd3 23. Rxd3 Rxd3 24. Nxd3 Qg5+ 25. Kb1 Qxh5 26. b3 Qf3 27. Qc5 Qd5 28.
Qc3 Qd4 29. Qa5 Rd5 30. Qa3 Qc3 31. Re3 Rd6 32. Qa7 Nd5 33. Nc5 Nxe3 34. Qxb7+ Kd8 35. Qb8+ Ke7 36. Qc7+ Ke8 37. Qxd6 Qxc2+ 38. Ka1 Qc1# 0-1

[Event "Vastgota Open 2023"]
[Site "Skara stadshotell, Jarnvagsgatan 5, Skara, Sweden"]
[Date "2023.02.18"]
[Round "5.10"]
[White "Jamtbo, Patrik"]
[Black "Trost, Edvin"]
[Result "0-1"]
[TimeControl "15 minutes + 5 seconds per move from move one (Round 1 - 2) / 30 minutes + 10 seconds per move from move one (Round 3 - 9)"]
[BlackTitle "FM"]
[WhiteFideId "1718339"]
[BlackFideId "1729519"]
[WhiteElo "1670"]
[BlackElo "2226"]

1. Nf3 Nf6 2. g3 g6 3. Bg2 Bg7 4. c4 O-O 5. Nc3 d6 6. d4 Nc6 7. e4 Bg4 8. Be3 e5 9. d5 Nd4 10. h3 Bxf3 11. Bxf3 Nd7 12.
Bg2 c5 13. dxc6 bxc6 14. O-O Qa5 15. a3 Qa6 16. Rc1 Qxc4 17. Bxd4 Qxd4 18. Ne2 Qxb2 19. Rxc6 Qxa3 20. Qxd6 Qxd6 21.
Rxd6 Nc5 22. Rb1 Rfb8 23. Ra1 a5 24.
Nc3 a4 25. Rd5 Bf8 26. Rxe5 a3 27. Rd5 Rb3 28. Ne2 Rb2 29.
Nc3 Nb3 30. Ra2 Rc8 31. Rd3 Nc1 32. Rxa3 Bxa3 33. Re3 Rxc3 34. Rxc3 Ne2+ 35. Kh2 Nxc3 36. e5 Rxf2 37. Kg1 Bc5 38.
Kh2 Nd1 39. g4 Ne3 40. Kg3 Rxg2+ 41. Kf3 f6 42. exf6 Kf7 43. g5 Rxg5 44. h4 Rf5+ 45. Ke4 Kxf6 0-1

[Event "Vastgota Open 2023"]
[Site "Skara stadshotell, Jarnvagsgatan 5, Skara, Sweden"]
[Date "2023.02.18"]
[Round "5.11"]
[White "Ronneland, Daniel"]
[Black "Ask, Josef"]
[Result "1-0"]
[TimeControl "15 minutes + 5 seconds per move from move one (Round 1 - 2) / 30 minutes + 10 seconds per move from move one (Round 3 - 9)"]
[BlackTitle "FM"]
[WhiteFideId "1702130"]
[BlackFideId "1704583"]
[WhiteElo "2188"]
[BlackElo "2102"]

1. e4 e5 2. Nf3 Nc6 3. Bb5 Nge7 4. c3 d5 5. Nxe5 dxe4 6. d4 f6 7. Ng4 Qd6 8. Na3 h5 9. Ne3 a6 10.
Be2 g6 11. d5 Ne5 12. Qa4+ Kf7 13. Qxe4 f5 14. Qd4 Bg7 15. Nac4 Nxc4 16. Nxc4 Qxd5 17. Qf4 Be6 18. O-O Rhd8 19.
Be3 Rac8 20. Rad1 Qe4 21. Rxd8 Rxd8 22. Qxc7 Qd5 23. Bf3 Qd3 24. Ne5+ Bxe5 25. Qxe5 Rd7 26. Bd4 Ng8 27. Re1 Re7 28.
h4 Ke8 29. Bxb7 Qd2 30. Bc6+ Kf8 31. Bc5 1-0

[Event "Vastgota Open 2023"]
[Site "Skara stadshotell, Jarnvagsgatan 5, Skara, Sweden"]
[Date "2023.02.18"]
[Round "5.12"]
[White "Johansson, Ulf"]
[Black "Cederqvist, Niclas"]
[Result "1-0"]
[TimeControl "15 minutes + 5 seconds per move from move one (Round 1 - 2) / 30 minutes + 10 seconds per move from move one (Round 3 - 9)"]
[WhiteFideId "1701380"]
[BlackFideId "1702076"]
[WhiteElo "2155"]
[BlackElo "1938"]

1. Nf3 d5 2. g3 Nf6 3. Bg2 Bf5 4. c4 c6 5. b3 e6 6. Bb2 h6 7. O-O Be7 8. d3 O-O 9. Nbd2 Bh7 10.
a3 a5 11. Rc1 dxc4 12. Nxc4 Na6 13. Qd2 a4 14. b4 Nc7 15. Rfd1 Nb5 16. e4 c5 17. bxc5 Bxc5 18. Qf4 Be7 19.
Qe3 Nd7 20. d4 Nb6 21. d5 Nxc4 22. Rxc4 Nd6 23. Rcd4 Qb6 24. Ba1 exd5 25. Rxd5 Qxe3 26. fxe3 Nxe4 27. Rd7 Rfd8 28. Rxd8+ Rxd8 29.
Rxd8+ Bxd8 30. Nd4 Be7 31. Bb2 Kf8 32. Nb5 Bc5 33. Bd4 b6 34. Bxe4 Bxe4 35. Kf2 Bxd4 36. exd4 Ke7 37. Ke3 Bc6 38.
Nc3 Kd6 39. Kd3 f5 40. Kc4 g5 41. d5 Bd7 42. Kd4 Be8 43. Nd1 f4 44. gxf4 gxf4 45. Nc3 Bg6 46. Nxa4 f3 47. Ke3 b5 48.
Nc3 f2 49. Kxf2 Kc5 50. Ke3 Kc4 51. d6 Be8 52. Ne4 Kb3 53. Nf6 Bc6 54. d7 Bxd7 55. Nxd7 Kxa3 56. Kd3 b4 57. Kc2 Ka2 58. Nc5 Ka3 59. h4 Ka2 60. h5 Ka3 61. Nb3 Ka2 62. Nd2 Ka3 63. Kb1 Ka4 64. Ne4 1-0

[Event "Vastgota Open 2023"]
[Site "Skara stadshotell, Jarnvagsgatan 5, Skara, Sweden"]
[Date "2023.02.18"]
[Round "6.1"]
[White "Galperin, Platon"]
[Black "Golubka, Petro"]
[Result "1/2-1/2"]
[TimeControl "15 minutes + 5 seconds per move from move one (Round 1 - 2) / 30 minutes + 10 seconds per move from move one (Round 3 - 9)"]
[WhiteTitle "GM"]
[BlackTitle "GM"]
[WhiteFideId "14165414"]
[BlackFideId "14114224"]
[WhiteElo "2429"]
[BlackElo "2407"]

1. Nf3 Nf6 2. g3 g6 3. Bg2 Bg7 4. d4 d5 5. c4 O-O 6. O-O Nc6 7. cxd5 Nxd5 8. e4 Nb6 9. d5 Na5 10.
Qe1 Nac4 11. Nc3 e6 12.
Bg5 f6 13. Bc1 e5 14. b3 Nd6 15. a4 f5 16. Ng5 a5 17. Ne6 Bxe6 18. dxe6 Re8 19. Be3 Nbc8 20. exf5 gxf5 21. Rd1 c6 22.
f4 exf4 23. Bc5 Qf6 24. Ne2 Qxe6 25. Nxf4 Qxe1 26. Rfxe1 Ne4 27. Rd7 Ncd6 28. Bb6 Ra6 29. Be3 Raa8 30. Rd1 Nf6 31. Rxg7+ Kxg7 32.
Bd4 Nde4 33. Bxe4 Rxe4 34. Nh5+ Kg6 35. Nxf6 Rxd4 36. Rxd4 Kxf6 37. Rd7 Ke5 1/2-1/2

[Event "Vastgota Open 2023"]
[Site "Skara stadshotell, Jarnvagsgatan 5, Skara, Sweden"]
[Date "2023.02.18"]
[Round "6.2"]
[White "Seo, Jung Min"]
[Black "Chatalbashev, Boris"]
[Result "1-0"]
[TimeControl "15 minutes + 5 seconds per move from move one (Round 1 - 2) / 30 minutes + 10 seconds per move from move one (Round 3 - 9)"]
[WhiteTitle "IM"]
[BlackTitle "GM"]
[WhiteFideId "1734687"]
[BlackFideId "2900440"]
[WhiteElo "2448"]
[BlackElo "2522"]

1. d4 Nf6 2. c4 g6 3.
Nc3 d5 4. cxd5 Nxd5 5. e4 Nxc3 6. bxc3 Bg7 7. Nf3 c5 8. Be3 Qa5 9. Qd2 O-O 10. Rb1 Nd7 11. Bd3 b6 12. O-O Ba6 13.
Bxa6 Qxa6 14. Rfc1 Rad8 15. d5 Qc4 16.
Qc2 Ne5 17. Nd2 Qd3 18. c4 f5 19.
exf5 Rxf5 20. Ne4 Qxc2 21. Rxc2 Ng4 22. Bg5 Nf6 23. Nxf6+ exf6 24. Be3 Re5 25. a4 f5 26. g3 Re4 27.
a5 bxa5 28. Rb5 Bd4 29. Rxa5 Bxe3 30. fxe3 Rxe3 31. Rxa7 Rb8 32. Rc7 g5 33. Rf2 Rb1+ 34. Kg2 g4 35. Ra2 Kf8 36. Ra8+ Re8 37.
Rb8 Rd8 38. Rxd8# Ke8 1-0

[Event "Vastgota Open 2023"]
[Site "Skara stadshotell, Jarnvagsgatan 5, Skara, Sweden"]
[Date "2023.02.18"]
[Round "6.3"]
[White "Miezis, Normunds"]
[Black "Palchuk, Andrii"]
[Result "0-1"]
[TimeControl "15 minutes + 5 seconds per move from move one (Round 1 - 2) / 30 minutes + 10 seconds per move from move one (Round 3 - 9)"]
[WhiteTitle "GM"]
[BlackTitle "FM"]
[WhiteFideId "11600136"]
[BlackFideId "14176688"]
[WhiteElo "2502"]
[BlackElo "2238"]

1. c4 Nf6 2. Nc3 e6 3. e4 d5 4. exd5 exd5 5. d4 Be7 6.
Nf3 O-O 7. Be2 dxc4 8. Bxc4 Nbd7 9. O-O Nb6 10. Bb3 c6 11. Re1 Nbd5 12. h3 Re8 13. Bg5 Be6 14. Ne5 Nc7 15. Bc2 Nfd5 16.
Bxe7 Qxe7 17. a3 Rad8 18. Qf3 Qf6 19. Qg3 Qf4 20. Qd3 Nf6 21. Rad1 g6 22. Qe3 Ncd5 23. Qxf4 Nxf4 24. f3 Kg7 25.
Kf2 Nd7 26. h4 Nb6 27. g3 Nfd5 28. Ne4 Nc7 29. Nc5 Bc8 30. Bb3 Nbd5 31. a4 f6 32. Nc4 b6 33. Ne4 Ba6 34. h5 Re7 35.
h6+ Kxh6 36. Nxf6 Rxe1 37. Ng4+ Kg7 38. Rxe1 h5 39. Nge5 Nb4 40. Rd1 Bxc4 41. Bxc4 c5 42. f4 Rxd4 43. Rxd4 cxd4 44. Kf3 Kf6 45.
Ke4 g5 46. Nd7+ Ke7 47. Ne5 Kf6 48. Nf3 gxf4 49. gxf4 d3 50. f5 Ne8 51. Kf4 Nd6 52. Be6 Nc6 53. Bd7 Nd4 54. Nd2 N4xf5 55. Bxf5 Nxf5 56. Ke4 h4 57. Nf3 h3 58. Kxd3 Nh4 59. Nh2 Kf5 60. Ke3 Ng6 61. b4 Ne5 62. Nf1 Nc6 63. b5 Na5 64.
Kd4 Ke6 65. Nh2 Nb7 66. Kc4 Ke5 67. Ng4+ Kf4 68. Nh2 Ke4 69. Ng4 Nd6+ 70. Kb4 Kf4 71. Nh2 Nf5 72. Kc4 Ke4 73. Kc3 Ne3 74. Kd2 Kf4 75. Ke2 Ng4 76.
Nf1 h2 77. Nxh2 Nxh2 78. Kd3 Ke5 79.
Kc4 Ng4 80. a5 Ne3+ 0-1

[Event "Vastgota Open 2023"]
[Site "Skara stadshotell, Jarnvagsgatan 5, Skara, Sweden"]
[Date "2023.02.18"]
[Round "6.4"]
[White "Trost, Edvin"]
[Black "Sivuk, Vitaly"]
[Result "0-1"]
[TimeControl "15 minutes + 5 seconds per move from move one (Round 1 - 2) / 30 minutes + 10 seconds per move from move one (Round 3 - 9)"]
[WhiteTitle "FM"]
[BlackTitle "GM"]
[WhiteFideId "1729519"]
[BlackFideId "14116502"]
[WhiteElo "2226"]
[BlackElo "2502"]

1. d4 Nf6 2. c4 e6 3. Nf3 d5 4. g3 Be7 5. Bg2 O-O 6. Nc3 Nbd7 7. Qd3 a6 8. cxd5 exd5 9. O-O c6 10.
Bf4 Re8 11. a3 Nb6 12. Rfe1 Be6 13. Qc2 Nc4 14. Rad1 Qc8 15. Ne5 Nd6 16. Na4 Qd8 17. Nc5 Bf5 18. Qb3 Ra7 19. h3 Nb5 20.
Na4 h6 21. Nc3 Nd6 22. Na4 Bf8 23. Nc5 Nb5 24. e4 Bc8 25. exd5 Nxd5 26. a4 Nd6 27. Bxd5 cxd5 28. Qxd5 Bxh3 29. g4 h5 30. Ng6 Bxg4 31.
Nxf8 Bxd1 32. Rxd1 Qh4 33. Qf3 Nf5 34. Bh2 Nxd4 35. Qd3 Qg4+ 36. Kh1 Kxf8 37. Rg1 Qf3+ 38. Qxf3 Nxf3 39. Nd7+ Ke7 40. Rd1 Nxh2 0-1

[Event "Vastgota Open 2023"]
[Site "Skara stadshotell, Jarnvagsgatan 5, Skara, Sweden"]
[Date "2023.02.18"]
[Round "6.5"]
[White "Ronneland, Daniel"]
[Black "Kockum, Anton Frisk"]
[Result "1/2-1/2"]
[TimeControl "15 minutes + 5 seconds per move from move one (Round 1 - 2) / 30 minutes + 10 seconds per move from move one (Round 3 - 9)"]
[BlackTitle "FM"]
[WhiteFideId "1702130"]
[BlackFideId "1709143"]
[WhiteElo "2188"]
[BlackElo "2367"]

1. d4 e6 2. c4 Nf6 3. Nf3 Bb4+ 4. Nbd2 b6 5. g3 Bb7 6. Bg2 c5 7. a3 Bxd2+ 8. Qxd2 cxd4 9. O-O O-O 10.
b4 e5 11. Nxe5 Bxg2 12. Kxg2 Nc6 13. Nf3 d5 14. Nxd4 Nxd4 15. Qxd4 dxc4 16. Qxc4 Rc8 17. Qb3 Re8 18. Re1 h5 19.
Bg5 Qd5+ 20. Qxd5 Nxd5 21. e4 Nc3 22. Rac1 f6 23. Bd2 Nb5 24. a4 Nd6 25. Rxc8 Rxc8 26. e5 fxe5 27. Rxe5 Rc2 28. Rd5 Nc4 29.
Bf4 Ra2 30. Rxh5 Rxa4 31. b5 Na3 32. Bd2 Rc4 33. Rd5 Rc2 34. Bf4 Kh7 35. Bb8 Nc4 36. Kf3 Rc3+ 37. Ke4 Ra3 38. Rd7 Ra2 39.
Rxa7 Rxf2 40. Kd4 Nd2 41. Be5 Rxh2 42. Rxg7+ Kh6 43. Rb7 Nf3+ 44. Ke4 Nxe5 45. Kxe5 Rh5+ 46. Kd6 Rxb5 47. Kc6 Rb4 48. Rxb6 Rxb6+ 1/2-1/2